 Dungeon Crawl Stone Soup version 0.31.0-12-g77e489cdc1 (webtiles) character file.

Game seed: 12247109601798052582

56 DildoBatman the Conjurer (level 4, -1/9 HPs)
             Began as a Formicid Conjurer on Feb 15, 2024.
             Slain by an adder (2 damage)
             ... on level 3 of the Dungeon.
             The game lasted 00:03:28 (1701 turns).

DildoBatman the Conjurer (Formicid Conjurer)        Turns: 1701, Time: 00:03:29

Health: -1/9       AC:  0    Str: 12    XL:     4   Next: 15%
Magic:  7/7        EV: 16    Int: 19    God:
Gold:   96         SH:  0    Dex: 12    Spells: 2/8 levels left

rFire   . . .        j - melded +0 sling
rCold   . . .        (shield currently unavailable)
rNeg    . . .        a - melded +0 robe
rPois   .            (helmet unavailable)
rElec   .            (no cloak)
rCorr   .            (no gloves)
SInv    +            (no boots)
Will    .....        (no amulet)
Stlth   +            (no ring)
HPRegen 0.21/turn    (no ring)
MPRegen 0.10/turn

%: no passive effects
@: lethally poisoned (-1 -> -4), flux-form, glowing
A: glow, contaminating, reduced hp, permanent stasis, dig shafts and tunnels,
antennae 3, four strong arms
a: Dig, Shaft Self, Begin Untransformation


You were on level 3 of the Dungeon.
You were something dangerously unstable.
You visited 1 branch of the dungeon, and saw 3 of its levels.

You collected 96 gold pieces.

Inventory:

Hand Weapons
 c - a +0 dagger
 f - a +0 short sword
 j - a +0 sling (melded)
Missiles
 g - 19 stones
Armour
 a - a +0 robe (melded)
Talismans
 m - a flux talisman (active)
 p - a beast talisman
Scrolls
 d - 3 scrolls of identify {unknown}
 k - a scroll of fear {unknown}
 o - a scroll of fog {unknown}
 q - a scroll of noise {unknown}
 r - a scroll of vulnerability {unknown}
 t - a scroll of teleportation {unknown}
Potions
 b - a potion of magic
 e - a potion of lignification {unknown}
 h - a potion of haste {unknown}
 i - a potion of degeneration {unknown}
 l - a potion of cancellation {unknown}
 n - a potion of curing {unknown}
 s - a potion of might {unknown}
 u - a potion of resistance {unknown}


   Skills:
 + Level 1.3 Fighting
 + Level 1.3 Armour
 + Level 2.1 Dodging
 + Level 3.1 Stealth
 + Level 2.6 Spellcasting
 + Level 3.8 Conjurations


You had 2 spell levels left.
You knew the following spells:

 Your Spells              Type           Power      Damage    Failure   Level
a - Searing Ray           Conj           34%        2d5       4%          2
c - Magic Dart            Conj           68%        1d6       3%          1
d - Vampiric Draining     Necr           2%         2d6       43%         3

Your spell library contained the following spells:

 Spells                   Type           Power      Damage    Failure   Level
 Slow                     Hex            8%         N/A       16%         1
 Confusing Touch          Hex            2%         N/A       43%         3
 Sigil of Binding         Hex            2%         N/A       43%         3
 Fulminant Prism          Conj/Alch      4%         3d5       56%         4
 Iskenderun's Mystic Bla  Conj/Tloc      9%         2d4       56%         4
 Summon Blazeheart Golem  Fire/Summ      2%         N/A       85%         4
 Orb of Destruction       Conj           8%         9d6       100%        7
 Spellforged Servitor     Conj/Summ      4%         N/A       100%        7


Dungeon Overview and Level Annotations

Branches:
Dungeon (3/15)

Altars:


Innate Abilities, Weirdness & Mutations

You are something dangerously unstable.
You glow with magical radiation, making you easy to see and hit.
Foes you strike become dangerously contaminated with magical radiation.
Your maximum health is decreased, since you lack skill for your form.
You are incapable of wielding weapons or throwing items.
You cannot be hasted, slowed, berserked, paralysed or teleported.
You can dig through walls and to a lower floor.
You have a pair of large antennae on your head. (SInv)
Your four strong arms can wield two-handed weapons with a shield.


Message History

There is an open door here.
There is a stone staircase leading down here.
You climb downwards.
There is a stone staircase leading up here.
An adder comes into view.
The adder hisses angrily.
You closely miss the adder. The adder closely misses you.
You hit the adder but do no damage.
The adder begins to glow.
The adder misses you.
You hit the adder.
The adder glows dangerously bright.
The adder is lightly wounded.
The adder closely misses you. The adder bites you.
You are poisoned.
The adder poisons you!
You closely miss the adder.
The adder is lightly wounded.
You feel sick. The adder bites you.
You are lethally poisoned!
The adder poisons you!
You hit the adder.
The adder shudders as magic cascades through it.
The adder twists and deforms.
The adder is moderately wounded.
You feel sick. The adder barely misses you.
You barely miss the adder.
The adder is moderately wounded.
You feel sick. The adder closely misses you. The adder bites you.
You miss the adder.
The adder is moderately wounded.
You feel sick. The adder bites you.
You die...

##. #..
#.# #
#.# ##.
#.# ...
#.# ..
#.#
#.####<#
#.Sp...#
#.######
.. ##


You could see an adder (misshapen).

Vanquished Creatures
  3 dart slugs (D:1)
  9 endoplasms
  2 giant cockroaches (D:1)
  5 goblins
  4 hobgoblins (D:1)
  5 quokkas
  4 ball pythons
  4 bats (D:1)
  A frilled lizard (D:1)
  5 kobolds
  A rat (D:2)
43 creatures vanquished.

Notes
Turn   | Place    | Note
-------+----------+-------------------------------------------
     0 | D:1      | DildoBatman the Formicid Conjurer began the quest for the
                  | Orb.
     0 | D:1      | Reached XP level 1. HP: 13/13 MP: 3/3
   125 | D:1      | Reached XP level 2. HP: 20/20 MP: 0/5
   128 | D:1      | Learned a level 2 spell: Searing Ray
   448 | D:1      | Reached XP level 3. HP: 25/25 MP: 6/6
   453 | D:1      | Reached skill level 1 in Armour
   499 | D:1      | Reached skill level 1 in Fighting
  1057 | D:2      | Found a faded altar of an unknown god.
  1094 | D:2      | Learned a level 3 spell: Vampiric Draining
  1147 | D:2      | Reached XP level 4. HP: 32/32 MP: 3/7
  1701 | D:3      | Slain by an adder

Illustrated notes

Levels and vault maps discovered:
D:1:      co_arrival_square_in_a_square_in_a_square, layout_basic,
          minmay_misc_feat_tower
D:2:      layout_rooms, hellmonk_ecumenical_altar_slurped_away, serial_curves,
          eino_curves_03, eino_curves_02, eino_curves_03, eino_curves_02,
          minmay_cupped
D:3:      layout_loops_ring, mainiacjoe_overflow_surrounded_room,
          saegor_snake_ambush, uniq_terence, uniq_jessica

Skill      XL: |  1  2  3 |
---------------+----------+-----
Dodging        | 2 |  2.1
Armour         | 1 |  1.3
Fighting       | 1 |  1.3
Stealth        | 3 |  3.1
Spellcasting   | |  2.6
Conjurations   | |  3.8

Action                     |  1- 3 |  4- 6 || total
---------------------------+-------+-------++-------
  Melee: Dagger            |    11 |       ||    11
         Short sword       |     4 |       ||     4
         Unarmed           |       |    22 ||    22
   Fire: Sling             |       |     2 ||     2
   Cast: Magic Dart        |    54 |       ||    54
         Searing Ray       |     2 |       ||     2
   Stab: Sleeping          |     4 |       ||     4
 Armour: Robe              |    10 |       ||    10
         Skin              |       |     6 ||     6
  Dodge: Dodged            |    14 |    18 ||    32
   Form: Flux              |       |     1 ||     1
